 Dungeon Crawl Stone Soup version 0.14-a0-770-g009d3a2 (webtiles) character file.

287 Daniel the Slasher (level 5, -5/36 HPs)
             Began as a High Elf Gladiator on Nov 9, 2013.
             Killed from afar by an orc wizard (9 damage)
             ... with a puff of flame
             ... on Level 5 of the Dungeon.
             The game lasted 00:10:15 (2383 turns).

Daniel the Slasher (High Elf Gladiator)             Turns: 2383, Time: 00:10:18

HP  -5/36        AC  4     Str 14      XL: 5   Next: 38%
MP   7/7         EV 13     Int 11      God:
Gold 101         SH  0     Dex 17      Spells:  0 memorised,  4 levels left

Res.Fire  : . . .   See Invis. : .   a - +0 elf falchion
Res.Cold  : . . .   Warding    : .   q - +0 leather armour (curse)
Life Prot.: . . .   Conserve   : .   (no shield)
Res.Poison: .       Res.Corr.  : .   c - +0 helmet
Res.Elec. : .       Clarity    : .   (no cloak)
Sust.Abil.: . .     Spirit.Shd : .   (no gloves)
Res.Mut.  : .       Stasis     : .   (no boots)
Res.Rott. : .       Flight     : .   (no amulet)
Saprovore : . . .                    (no ring)
                                     (no ring)

@: slightly resistant to hostile enchantments, unstealthy
A: no striking features
a: no special abilities


You were on level 5 of the Dungeon.
You were hungry.

You visited 1 branch of the dungeon, and saw 5 of its levels.

You collected 101 gold pieces.

Inventory:

Hand weapons
 a - a +0,+0 elven falchion (weapon)
 n - a +0,+1 falchion
 v - a +1,+1 sling of evasion
Missiles
 g - 15 darts (quivered)
 m - 11 poisoned needles
 u - a throwing net [frayed]
 z - a throwing net [falling apart]
Armour
 b - a +0 elven leather armour
 c - a +0 helmet (worn)
 q - a cursed +0 leather armour (worn)
Magical devices
 A - a wand of enslavement (5)
Comestibles
 d - 2 chunks of goblin flesh
 f - 2 bread rations
 h - an apple
Scrolls
 e - 4 scrolls of identify {unknown}
 i - a scroll of enchant armour {unknown}
 k - a scroll of blinking {unknown}
 o - 2 scrolls of curse armour {unknown}
 p - a scroll of random uselessness {unknown}
 s - a scroll of noise {unknown}
 t - 2 scrolls of enchant weapon I {unknown}
 x - a scroll of teleportation {unknown}
 y - a scroll of amnesia {unknown}
Jewellery
 C - an uncursed amulet of resist mutation {unknown}
Potions
 j - a potion of heal wounds {unknown}
 l - a potion of brilliance {unknown}
 r - a potion of cure mutation {unknown}
 w - a potion of curing {unknown}
 B - 2 potions of poison {unknown}


   Skills:
 + Level 3.2 Fighting
 * Level 5.9 Long Blades
 - Level 2.1 Throwing
 + Level 4.3 Dodging


You had 4 spell levels left.
You didn't know any spells.

Dungeon Overview and Level Annotations

Branches:
Dungeon (5/27)
 Temple: D:4-7

Altars:

Annotations:
D:4 Grinder, Pikel, Prince Ribbit


Message History

Your sky beast flickers out of sight for a moment.
Your sky beast barely misses the orc wizard.
The orc wizard gestures wildly while chanting.
You feel troubled.
A sky beast appears from thin air!
Your sky beast closely misses the orc wizard.
An orc comes into view.
Your sky beast flickers out of sight for a moment.
Your sky beast barely misses the orc wizard.
The orc wizard mumbles some strange words.
The orc wizard seems to speed up.
The orc wizard misses your sky beast.
Your sky beast closely misses the orc wizard.
The orc wizard gestures at you while chanting.
The puff of flame hits you!
* * * LOW HITPOINT WARNING * * *
Something hits your sky beast. The orc wizard casts a spell at you.
The puff of flame hits you!
You die... ▒▒▒▒▒▒▒▒▒▒▒ ▒▒▒▒▒▒▒▒▒▒ ▒▒▒∙∙∙∙∙∙∙∙∙▒▒▒▒▒▒▒▒∙∙∙∙∙∙∙∙∙ ∙∙∙∙∙∙∙∙∙∙∙∙∙∙∙∙@∙∙∙∙∙oo∙∙$∙∙

∙∙∙∙∙∙∙∙∙∙∙∙▒▒▒▒▒▒▒▒∙∙∙I∙∙∙∙∙▒
▒▒▒∙∙∙∙∙∙∙∙∙▒ ▒∙∙$∙o∙∙∙∙▒
∙∙∙∙∙∙∙∙∙∙∙∙▒ ▒∙∙∙∙∙∙∙∙∙▒


∙∙∙∙∙∙∙∙∙∙∙∙∙∙∙ ▒▒∙▒▒▒▒▒▒∙ ∙▒▒∙∙∙∙∙∙∙▒▒▒▒▒ ▒▒▒ ∙∙∙∙∙∙∙∙∙∙▒ ∙∙∙∙∙∙∙∙∙∙▒
∙▒▒▒▒▒▒▒▒▒▒ You could see 2 orc wizards and a friendly sky beast (invisible).

Vanquished Creatures
  A hound (D:5)
  Terence (D:3)
  7 adders
  An adder skeleton (D:3)
  3 giant geckos
  An ooze (D:3)
  7 orcs
  2 ball pythons (D:1)
  4 bats
  6 goblins
  6 hobgoblins
  4 jackals (D:3)
  7 kobolds
  A quokka (D:4)
  3 giant newts
  A gnoll skeleton (D:5)
  6 rats
61 creatures vanquished.

Vanquished Creatures (collateral kills)
  An ogre skeleton (D:5)
  A rat skeleton (D:5)
2 creatures vanquished.

Grand Total: 63 creatures vanquished

Notes
Turn   | Place    | Note
--------------------------------------------------------------
     0 | D:1      | Daniel, the High Elf Gladiator, began the quest for the Orb.
     0 | D:1      | Reached XP level 1. HP: 15/15 MP: 1/1
   118 | D:1      | Reached XP level 2. HP: 10/20 MP: 2/2
   224 | D:1      | Reached skill level 4 in Long Blades
   521 | D:2      | Reached XP level 3. HP: 21/25 MP: 4/4
  1046 | D:3      | Reached skill level 5 in Long Blades
  1048 | D:3      | Reached XP level 4. HP: 19/31 MP: 6/6
  1208 | D:4      | Noticed Grinder
  1465 | D:3      | Noticed Terence
  1499 | D:3      | Killed Terence
  1926 | D:4      | Noticed a slave
  1926 | D:4      | Noticed a slave
  1927 | D:4      | Noticed Pikel
  1927 | D:4      | Noticed a slave
  1927 | D:4      | Noticed a slave
  1937 | D:5      | Entered Level 5 of the Dungeon
  2212 | D:4      | Reached XP level 5. HP: 36/36 MP: 7/7
  2225 | D:4      | Noticed Prince Ribbit
  2342 | D:5      | Noticed a sky beast
  2383 | D:5      | Killed from afar by an orc wizard

Action                   |  1- 3 |  4- 6 || total
-------------------------+-------+-------++-------
Melee: Falchion          |   122 |   122 ||   244
Throw: Throwing net      |     8 |     6 ||    14
       Dart              |     3 |    15 ||    18
Evoke: Wand              |       |     7 ||     7
 Stab: Held in net/web   |     2 |     2 ||     4
